 Dungeon Crawl Stone Soup version 0.30.1-3-gfc49f6343a (webtiles) character file.

Game seed: 17129156643859486156

58 DemonSlayer the Digger (level 3, -1/24 HPs)
             Began as a Demonspawn Earth Elementalist on July 27, 2023.
             Succumbed to an adder's poison
             ... on level 3 of the Dungeon.
             The game lasted 00:03:38 (2191 turns).

DemonSlayer the Digger (DsEE)                       Turns: 2191, Time: 00:03:39

Health: -1/24      AC:  3    Str:  8    XL:     3   Next: 75%
Magic:  4/7        EV: 12    Int: 16    God:
Gold:   43         SH:  0    Dex: 15    Spells: 1/7 levels left

rFire   . . .        g - +0 dagger (heavy)
rCold   . . .        (no shield)
rNeg    . . .        a - +0 robe
rPois   .            (no helmet)
rElec   .            (no cloak)
rCorr   .            (no gloves)
SInv    .            (no boots)
Will    .....        (no amulet)
Stlth   ++           (no ring)
HPRegen 0.24/turn    (no ring)
MPRegen 0.10/turn

%: no passive effects
@: mighty, lethally poisoned (-1 -> -7), about to teleport
A: sharp scales 1
a: no special abilities


You were on level 3 of the Dungeon.
You visited 1 branch of the dungeon, and saw 3 of its levels.

You collected 70 gold pieces.
You spent 27 gold pieces at shops.

Inventory:

Hand Weapons
 g - a +0 heavy dagger (weapon)
Armour
 a - a +0 robe (worn)
Scrolls
 c - a scroll of teleportation
 d - a scroll of immolation {unknown}
Potions
 b - a potion of magic
 h - a potion of might


   Skills:
 + Level 2.0 Dodging
 + Level 1.7 Stealth
 + Level 0.1 Unarmed Combat
 + Level 2.9 Spellcasting
 + Level 0.8 Transmutations
 + Level 3.5 Earth Magic


You had one spell level left.
You knew the following spells:

 Your Spells              Type           Power      Damage    Failure   Level
a - Sandblast             Erth           26%        2d8       4%          1
b - Stone Arrow           Conj/Erth      16%        3d8       26%         3
c - Passwall              Tmut/Erth      7%         N/A       12%         2

Your spell library contained the following spells:

 Spells                   Type           Power      Damage    Failure   Level
 Ensorcelled Hibernation  Hex/Ice        4%         N/A       28%         2
 Spider Form              Tmut/Pois      3%         N/A       43%         3
 Petrify                  Tmut/Erth      9%         N/A       58%         4
 Anguish                  Hex/Necr       1%         N/A       88%         4


Dungeon Overview and Level Annotations

Branches:
Dungeon (3/15)

Altars:

Shops:
D:2 *


Innate Abilities, Weirdness & Mutations

You are partially covered in razor-sharp scales. (AC +1, Slay +1)


Message History

Memorise Passwall, consuming 2 spell levels and leaving 1?
You start memorising the spell.
You continue memorising. x2
You finish memorising.
Spell assigned to 'c'.
Okay, then.
There is a stone staircase leading down here.
You climb downwards.
Found a scroll labelled HEOFEUMACIS.
There is a stone staircase leading up here.
The goblin shouts!
The goblin hits you with a +0 club.
You barely miss the goblin. The goblin hits you with a +0 club.
The blast of sand hits the adder!
The adder is severely wounded.
The adder bites you. The goblin barely misses you. The adder bites you.
You are poisoned.
The adder poisons you! The goblin closely misses you.
The blast of sand hits the adder.
The adder is almost dead.
You feel sick. The adder barely misses you. The goblin hits you with a +0 club.
The adder misses you.
The blast of sand misses the adder.
You feel sick. The adder barely misses you. The goblin hits you with a +0 club.
The adder misses you. The goblin hits you with a +0 club.
* * * LOW HITPOINT WARNING * * *
You are too injured to fight recklessly!
You are too injured to fight recklessly!
You are too injured to fight recklessly!
Unknown command.
Okay, then.
As you read the scroll of teleportation, it crumbles to dust.
You feel strangely unstable.
You feel sick. The adder closely misses you. The goblin barely misses you.
You feel very mighty all of a sudden.
You feel sick. The adder bites you.
* * * LOW HITPOINT WARNING * * *
You are more poisoned.
The adder poisons you! The goblin hits you but does no damage.
You puncture the adder!
You kill the adder!
You die...

.......
#........
#........
#........
#........
#........
##........
#<........
#.@.......
........g....?.
######.########
#.# #.# #.# #.#
#.


You could see a goblin.

Vanquished Creatures
  2 adders
  A worm (D:2)
  3 endoplasms (D:1)
  4 giant cockroaches
  3 goblins
  4 hobgoblins
  4 jackals (D:2)
  2 quokkas (D:1)
  5 ball pythons
  8 bats
  3 frilled lizards
  2 kobolds (D:2)
  A rat (D:1)
42 creatures vanquished.

Notes
Turn   | Place    | Note
-------+----------+-------------------------------------------
     0 | D:1      | DemonSlayer the Demonspawn Earth Elementalist began the
                  | quest for the Orb.
     0 | D:1      | Reached XP level 1. HP: 13/13 MP: 3/3
   338 | D:1      | Reached skill level 3 in Earth Magic
   338 | D:1      | Gained mutation: You are partially covered in razor-sharp
                  | scales. (AC +1, Slay +1) [demonic ancestry]
   338 | D:1      | Reached XP level 2. HP: 14/19 MP: 0/5
  1309 | D:2      | Reached XP level 3. HP: 17/24 MP: 1/6
  1318 | D:2      | Found Dodonam's Assorted Antiques.
  1705 | D:2      | Bought a scroll labelled MUOWNOTYWN for 27 gold pieces
  2173 | D:2      | Learned a level 3 spell: Stone Arrow
  2176 | D:2      | Learned a level 2 spell: Passwall
  2190 | D:3      | HP: 1/24 [adder (2)]
  2191 | D:3      | Succumbed to an adder's poison

Illustrated notes

Levels and vault maps discovered:
D:1:      elethiomel_arrival_shortcut, layout_basic
D:2:      layout_rooms, serial_shops, nicolae_shop_tiny_waterfront,
          minmay_octomino_e4
D:3:      layout_basic, elyvilon_altar_5, uniq_terence

Skill      XL: |  1  2  3 |
---------------+----------+-----
Earth Magic    | 3 |  3.5
Dodging        | 2 |  2.0
Stealth        | |  1.7
Unarmed Combat | |  0.1
Spellcasting   | |  2.9
Transmutations | |  0.8

Action                     || total
---------------------------++-------
  Melee: Unarmed           ||    17
         Dagger            ||    18
   Cast: Sandblast         ||    60
    Use: Scroll            ||     6
         Potion            ||     1
   Stab: Sleeping          ||     4
 Armour: Robe              ||    22
  Dodge: Dodged            ||    76
